 Dungeon Sprint DCSS version 0.30.1-4-g462c640d31 (webtiles) character file.

Game seed: 14504383085175916956

4810 Heoruswealwe the Imperceptible (level 10, -2/44 HPs)
             Began as a Spriggan Artificer on Aug 29, 2023.
             Was an Initiate of Jiyva.
             Slain by a centaur warrior (3 damage)
             ... in the Dungeon (Sprint I: "Red Sonja").
             The game lasted 00:15:04 (1645 turns).

Heoruswealwe the Imperceptible (Spriggan Artificer) Turns: 1645, Time: 00:15:04

Health: -2/44      AC:  2    Str:  8    XL:     10   Next: 24%
Magic:  11/11      EV: 29    Int: 13    God:    Jiyva [......]
Gold:   753        SH:  0    Dex: 20    Spells: 9/9 levels left

rFire   . . .        a - +0 club
rCold   . . .        (no shield)
rNeg    . . .        b - +0 robe
rPois   .            (helmet restricted)
rElec   .            (no cloak)
rCorr   .            (gloves unavailable)
SInv    +            (boots unavailable)
Will    +....        (no amulet)
Stlth   +++++++++    (no ring)
HPRegen 0.27/turn    (no ring)
MPRegen 0.12/turn

%: no teleportation
@: very quick
A: very small, no large weapons, unfitting armour, see invisible, speed 3
a: Renounce Religion


You were in the Dungeon.
You worshipped Jiyva.
Jiyva was noncommittal.
You visited 1 branch You collected 788 gold pieces.
You donated 35 gold pieces to Zin.

Inventory:

Hand Weapons
 a - a +0 club (weapon)
Armour
 b - a +0 robe (worn)
Wands
 d - a wand of charming (12)
 e - a wand of roots (7)
 l - a wand of digging (5)
Scrolls
 c - a scroll of poison {unknown}
 k - a scroll of blinking
 m - a scroll of enchant weapon {unknown}
Potions
 f - 3 potions of curing
 g - 2 potions of heal wounds
 h - a potion of haste
 i - 2 potions of magic
 j - a potion of berserk rage
 n - a potion of lignification {unknown}


   Skills:
 - Level 0.7 Fighting
 + Level 14.5 Dodging
 * Level 22.8 Stealth
 * Level 19.9 Evocations


You had 9 spell levels left.
You didn't know any spells.
Your spell library was empty.

Dungeon Overview and Level Annotations

Branches:
Dungeon (1/1)

Altars:
Cheibriados
Dithmenos
Elyvilon
Fedhas
Gozag
Hepliaklqana
Kikubaaqudgha
Makhleb
Nemelex Xobeh
Okawaru
Qazlal
Ru
Sif Muna
Trog
Uskayaw
Vehumet
Wu Jian
Xom
Yredelemnul
Zin
The Shining One
Jiyva
Lugonu

Shops:
D *!?=[*[


Innate Abilities, Weirdness & Mutations

You are very small and have problems with some larger weapons.
You are too small for most types of armour.
You have supernaturally acute eyesight. (SInv)
You cover ground extremely quickly. (Speed+++)


Message History

You wake up.
Okay, then.
You start resting.
You hear a distant slurping noise. x3
You hear a squelching noise.
You hear a distant slurping noise. x2
You hear a squelching noise.
You hear a distant slurping noise. x6
You hear a slurping noise.
You feel yourself speed up.
You start resting.
You hear a distant slurping noise. x8
You hear a squelching noise.
HP restored.
There is an open door here.
There is an open door here.
There is an open door here.
You swap places.
You swap places.
There is an open door here.
There is an open door here.
There is an open door here.
A centaur warrior comes into view.
There is an open door here.
A kobold demonologist comes into view. It is wielding a +0 dagger.
The centaur warrior shouts!
You hit the centaur warrior but do no damage.
The centaur warrior hits you!
The centaur warrior completely misses you.
The centaur warrior barely misses you.
The centaur warrior completely misses you.
You hit the centaur warrior but do no damage.
The centaur warrior hits you! The centaur warrior kicks you.
The centaur warrior hits you!
* * * LOW HITPOINT WARNING * * *
The centaur warrior barely misses you.
You closely miss the centaur warrior. The centaur warrior closely misses you.
The centaur warrior misses you. The centaur warrior hits you!
* * * LOW HITPOINT WARNING * * *
The centaur warrior kicks you.
You die...

########################
.#..'..#..'..#__#.....K#
.'..#..'..#..'..@c.#
)#####'#####'#__####
.####..#...#.####§§#
.#__####..##.#§§~§.#
.#_____##'#§.§§§§§
⌠#_.∩...'.§.§#~~~.
.#_..__##_.#'##+###
.#_____###'#.#.(..###
##########.####'###.##


You could see a centaur warrior and a kobold demonologist (asleep).

Vanquished Creatures
  Sonja (D)
  A deep troll (D)
  8 shining eyes (D)
  Sigmund (D)
  A yak (D)
  4 floating eyes (D)
  An ogre (D)
  A jelly (D)
  Ijyb (D)
19 creatures vanquished.

Vanquished Creatures (others)
  An unseen horror (D)
  A redback (D)
  A floating eye (D)
  7 necrophages (D)
  18 jellies (D)
  2 ballistomycete spores (D)
30 creatures vanquished.

Grand Total: 49 creatures vanquished

Notes
Turn   | Place    | Note
-------+----------+-------------------------------------------
     0 | D        | Heoruswealwe the Spriggan Artificer began the quest for the
                  | Orb.
     0 | D        | Reached XP level 1. HP: 9/9 MP: 2/2
     1 | D        | Noticed Ijyb
     7 | D        | Killed Ijyb
     8 | D        | Reached skill level 5 in Stealth
     8 | D        | Reached XP level 2. HP: 14/14 MP: 3/3
    29 | D        | Noticed an ogre
    42 | D        | Killed an ogre
    43 | D        | Reached skill level 9 in Stealth
    43 | D        | Reached XP level 3. HP: 17/17 MP: 4/4
    43 | D        | Reached XP level 4. HP: 21/21 MP: 5/5
    61 | D        | Noticed Sigmund
    66 | D        | Killed Sigmund
    67 | D        | Reached skill level 12 in Stealth
    67 | D        | Reached XP level 5. HP: 25/25 MP: 6/6
    79 | D        | Found an ornate altar of the Wu Jian Council.
    79 | D        | Found a shimmering blue altar of Sif Muna.
    82 | D        | Found a radiant altar of Vehumet.
    85 | D        | Reached XP level 6. HP: 29/29 MP: 7/7
   109 | D        | Found Larot's Jewellery Emporium.
   109 | D        | Found an ancient bone altar of Kikubaaqudgha.
   109 | D        | Found a hazy altar of Hepliaklqana.
   109 | D        | Found a stormy altar of Qazlal.
   109 | D        | Found a hide-covered altar of Uskayaw.
   109 | D        | Found a blossoming altar of Fedhas.
   109 | D        | Found a bloodstained altar of Trog.
   109 | D        | Found an iron altar of Okawaru.
   109 | D        | Found a basalt altar of Yredelemnul.
   109 | D        | Found a glowing golden altar of the Shining One.
   109 | D        | Found a snail-covered altar of Cheibriados.
   109 | D        | Found a sacrificial altar of Ru.
   109 | D        | Found a glowing silver altar of Zin.
   109 | D        | Found a shadowy altar of Dithmenos.
   109 | D        | Found a white marble altar of Elyvilon.
   109 | D        | Noticed a yak
   116 | D        | Killed a yak
   117 | D        | Reached skill level 13 in Stealth
   119 | D        | Found an opulent altar of Gozag.
   120 | D        | Found a sparkling altar of Nemelex Xobeh.
   125 | D        | Became a worshipper of Zin the Law-Giver
   125 | D        | Reached * piety under Zin
   125 | D        | Reached ** piety under Zin
   125 | D        | Reached *** piety under Zin
   125 | D        | Reached **** piety under Zin
   125 | D        | Reached ***** piety under Zin
   125 | D        | Reached ****** piety under Zin
   134 | D        | Noticed Sonja
   136 | D        | Killed Sonja
   137 | D        | Reached skill level 10 in Dodging
   137 | D        | Reached skill level 16 in Stealth
   137 | D        | Reached XP level 7. HP: 32/32 MP: 8/8
   154 | D        | Found Rerhoaleuj's General Store.
   164 | D        | Noticed a shining eye
   164 | D        | Noticed a shining eye
   164 | D        | Noticed a shining eye
   164 | D        | Noticed a shining eye
   164 | D        | Noticed a shining eye
   164 | D        | Noticed a shining eye
   168 | D        | Paralysed by a floating eye for 3 turns
   174 | D        | Paralysed by a floating eye for 2 turns
   179 | D        | Paralysed by a floating eye for 3 turns
   184 | D        | Paralysed by a floating eye for 2 turns
   191 | D        | Reached XP level 8. HP: 37/37 MP: 9/9
   194 | D        | Paralysed by a floating eye for 3 turns
   206 | D        | Paralysed by a floating eye for 4 turns
   214 | D        | Paralysed by a floating eye for 2 turns
   221 | D        | Paralysed by a floating eye for 3 turns
   226 | D        | Paralysed by a floating eye for 4 turns
   235 | D        | Paralysed by a floating eye for 2 turns
   239 | D        | Paralysed by a floating eye for 4 turns
   248 | D        | Paralysed by a floating eye for 3 turns
   257 | D        | Paralysed by a floating eye for 4 turns
   266 | D        | Paralysed by a floating eye for 4 turns
   272 | D        | Paralysed by a floating eye for 4 turns
   285 | D        | Paralysed by a floating eye for 3 turns
   298 | D        | Paralysed by a floating eye for 2 turns
   306 | D        | Paralysed by a floating eye for 3 turns
   313 | D        | Paralysed by a floating eye for 3 turns
   319 | D        | Paralysed by a floating eye for 3 turns
   327 | D        | Killed a shining eye
   328 | D        | Reached skill level 18 in Stealth
   328 | D        | Reached skill level 15 in Evocations
   328 | D        | Paralysed by a floating eye for 4 turns
   339 | D        | Paralysed by a floating eye for 4 turns
   346 | D        | Paralysed by a floating eye for 3 turns
   350 | D        | Paralysed by a floating eye for 2 turns
   353 | D        | Paralysed by a floating eye for 4 turns
   359 | D        | Paralysed by a floating eye for 3 turns
   367 | D        | Paralysed by a floating eye for 2 turns
   377 | D        | Paralysed by a floating eye for 3 turns
   384 | D        | Paralysed by a floating eye for 4 turns
   391 | D        | Paralysed by a floating eye for 3 turns
   397 | D        | Paralysed by a floating eye for 2 turns
   403 | D        | Paralysed by a floating eye for 4 turns
   409 | D        | Paralysed by a floating eye for 3 turns
   415 | D        | Paralysed by a floating eye for 2 turns
   420 | D        | Paralysed by a floating eye for 2 turns
   425 | D        | Paralysed by a floating eye for 4 turns
   430 | D        | Paralysed by a floating eye for 2 turns
   434 | D        | Paralysed by a floating eye for 2 turns
   445 | D        | Paralysed by a floating eye for 4 turns
   453 | D        | Killed a shining eye
   453 | D        | Paralysed by a floating eye for 3 turns
   458 | D        | Paralysed by a floating eye for 3 turns
   466 | D        | Paralysed by a floating eye for 2 turns
   471 | D        | Paralysed by a floating eye for 3 turns
   479 | D        | Paralysed by a floating eye for 2 turns
   485 | D        | Paralysed by a floating eye for 4 turns
   492 | D        | Paralysed by a floating eye for 4 turns
   497 | D        | Paralysed by a floating eye for 4 turns
   504 | D        | Paralysed by a floating eye for 3 turns
   511 | D        | Paralysed by a floating eye for 4 turns
   523 | D        | Paralysed by a floating eye for 3 turns
   529 | D        | Paralysed by a floating eye for 2 turns
   536 | D        | Paralysed by a floating eye for 4 turns
   543 | D        | Paralysed by a floating eye for 3 turns
   547 | D        | Paralysed by a floating eye for 3 turns
   554 | D        | Paralysed by a floating eye for 3 turns
   560 | D        | Paralysed by a floating eye for 4 turns
   565 | D        | Paralysed by a floating eye for 4 turns
   572 | D        | Paralysed by a floating eye for 2 turns
   578 | D        | Paralysed by a floating eye for 4 turns
   586 | D        | Paralysed by a floating eye for 3 turns
   593 | D        | Paralysed by a floating eye for 2 turns
   597 | D        | Paralysed by a floating eye for 4 turns
   605 | D        | Paralysed by a floating eye for 4 turns
   615 | D        | Killed a shining eye
   615 | D        | Paralysed by a floating eye for 2 turns
   616 | D        | Reached skill level 19 in Stealth
   616 | D        | Reached XP level 9. HP: 40/40 MP: 10/10
   618 | D        | Paralysed by a floating eye for 2 turns
   621 | D        | Paralysed by a floating eye for 3 turns
   628 | D        | Paralysed by a floating eye for 2 turns
   632 | D        | Paralysed by a floating eye for 3 turns
   636 | D        | Paralysed by a floating eye for 4 turns
   641 | D        | Paralysed by a floating eye for 4 turns
   657 | D        | Paralysed by a floating eye for 2 turns
   662 | D        | Paralysed by a floating eye for 4 turns
   671 | D        | Paralysed by a floating eye for 2 turns
   676 | D        | Paralysed by a floating eye for 4 turns
   682 | D        | Paralysed by a floating eye for 3 turns
   688 | D        | Paralysed by a floating eye for 3 turns
   692 | D        | Paralysed by a floating eye for 2 turns
   696 | D        | Paralysed by a floating eye for 3 turns
   704 | D        | Paralysed by a floating eye for 3 turns
   710 | D        | Paralysed by a floating eye for 3 turns
   718 | D        | Paralysed by a floating eye for 3 turns
   725 | D        | Paralysed by a floating eye for 3 turns
   729 | D        | Paralysed by a floating eye for 4 turns
   734 | D        | Paralysed by a floating eye for 3 turns
   741 | D        | Paralysed by a floating eye for 4 turns
   748 | D        | Paralysed by a floating eye for 3 turns
   756 | D        | Paralysed by a floating eye for 2 turns
   760 | D        | Paralysed by a floating eye for 4 turns
   769 | D        | Paralysed by a floating eye for 4 turns
   779 | D        | Paralysed by a floating eye for 4 turns
   787 | D        | Paralysed by a floating eye for 4 turns
   794 | D        | Paralysed by a floating eye for 3 turns
   799 | D        | Paralysed by a floating eye for 3 turns
   804 | D        | Paralysed by a floating eye for 2 turns
   807 | D        | Paralysed by a floating eye for 3 turns
   814 | D        | Killed a shining eye
   814 | D        | Paralysed by a floating eye for 4 turns
   815 | D        | Reached skill level 20 in Stealth
   822 | D        | Paralysed by a floating eye for 4 turns
   827 | D        | Paralysed by a floating eye for 4 turns
   982 | D        | Killed a shining eye
   983 | D        | Reached skill level 21 in Stealth
   993 | D        | Noticed a shining eye
   993 | D        | Noticed a shining eye
   999 | D        | Paralysed by a floating eye for 4 turns
  1093 | D        | Killed a shining eye
  1167 | D        | Killed a shining eye
  1168 | D        | Reached skill level 22 in Stealth
  1168 | D        | Reached XP level 10. HP: 44/44 MP: 11/11
  1236 | D        | Killed a shining eye
  1253 | D        | Found Kotum's Antique Armour Shop.
  1253 | D        | Found Elluw's Distillery.
  1253 | D        | Found Xiax's General Store.
  1253 | D        | Found Afraymm's Magic Scroll Emporium.
  1295 | D        | Found a burning altar of Makhleb.
  1295 | D        | Found a viscous altar of Jiyva.
  1295 | D        | Found a shimmering altar of Xom.
  1295 | D        | Found a corrupted altar of Lugonu.
  1307 | D        | Fell from the grace of Zin
  1307 | D        | Became a worshipper of Jiyva Julobiqi the Shapeless
  1442 | D        | Noticed a deep troll
  1454 | D        | Found Fagh's Armour Emporium.
  1477 | D        | Killed a deep troll
  1639 | D        | Noticed a centaur warrior
  1645 | D        | HP: 1/44 [centaur warrior (8)]
  1645 | D        | Slain by a centaur warrior

Illustrated notes

Levels and vault maps discovered:
D:        dungeon_sprint_1 [red_sonja_temple_1, red_sonja_temple_small_1]

Skill      XL: |  1  2  3  4  5  6  7  8  9 |
---------------+----------------------------+-----
Dodging        | 4 6 7 8 10 12 14 | 14.5
Stealth        | 5 9 12 16 19 22 | 22.8
Evocations     | 6 8 11 14 17 19 | 19.9
Fighting       | |  0.7

Action                     |  1- 3 |  4- 6 |  7- 9 | 10-12 || total
---------------------------+-------+-------+-------+-------++-------
  Melee: Club              |       |     2 |   740 |    77 ||   819
         Punch             |       |       |    23 |     3 ||    26
  Evoke: Wand              |    11 |    10 |       |     4 ||    25
   Stab: Sleeping          |       |     1 |     2 |     1 ||     4
 Armour: Robe              |       |     1 |       |       ||     1
  Dodge: Dodged            |     2 |     2 |       |    20 ||    24
